 Dungeon Crawl Stone Soup version 0.31-a0-981-geadf994542 (webtiles) character file.

Game seed: 1483458422062986601

1241 Whiskey the Mimic (level 8, -1/52 HPs)
             Began as an Octopode Shapeshifter on Nov 2, 2023.
             Slain by an ice beast (10 damage)
             ... on level 6 of the Dungeon.
             The game lasted 00:09:10 (4910 turns).

Whiskey the Mimic (Octopode Shapeshifter)           Turns: 4910, Time: 00:09:10

Health: -1/52      AC:  1    Str: 16    XL:     8   Next: 49%
Magic:  8/8        EV: 13    Int: 12    God:
Gold:   323        SH:  0    Dex: 11    Spells: 7/7 levels left

rFire   . .          .
                       - Unarmed
rCold   . . .        (no shield)
rNeg    . . .        (helmet currently unavailable)
rPois   .            (no amulet)
rElec   .            y - ring of flight {+Fly, !d}
rCorr   .            (no ring)
SInv    .            (no ring)
Will    .....        (no ring)
Stlth   ++           (no ring)
HPRegen 0.28/turn    (no ring)
MPRegen 0.11/turn    (no ring)
                     (no ring)

%: no passive effects
@: beast-form, flying
A: beast (slay +4), almost no armour, amphibious, 8 rings, camouflage 1,
gelatinous body 1, (nimble swimmer 1), tentacles
a: Begin Untransformation


You were on level 6 of the Dungeon.
You were a hulking beast.
You visited 1 branch of the dungeon, and saw 6 of its levels.

You collected 323 gold pieces.

Inventory:

Hand Weapons
 q - a +0 dagger of distortion {!w}
   (You took it off a goblin on level 4 of the Dungeon)
 u - a +1 antimagic hand axe
   (You took it off an orc on level 5 of the Dungeon)
 x - a +1 vampiric hand axe {!w}
   (You took it off an orc on level 5 of the Dungeon)
 z - a +2 rapier of holy wrath
   (You found it on level 5 of the Dungeon)
Missiles
 g - 7 poisoned darts (quivered)
 p - 3 darts of dispersal {=f}
Magical Staves
 k - a staff of earth
   (You found it on level 3 of the Dungeon)
Jewellery
 y - a ring of flight (left tentacle) {+Fly, !d}
   (You found it on level 5 of the Dungeon)
Talismans
 b - a beast talisman (active)
 c - a flux talisman
 t - a blade talisman
   (You found it on level 4 of the Dungeon)
 B - a serpent talisman
   (You found it on level 5 of the Dungeon)
Scrolls
 d - 3 scrolls of amnesia {unknown}
 e - a scroll of torment {unknown}
 f - 6 scrolls of identify {unknown}
 j - 5 scrolls of teleportation {unknown}
 m - 3 scrolls of blinking {unknown}
 o - a scroll of brand weapon {unknown}
 s - a scroll of fog {unknown}
Potions
 a - 5 potions of lignification {!q}
 h - a potion of cancellation {unknown}
 i - 2 potions of brilliance {unknown}
 l - a potion of enlightenment {unknown}
 n - 2 potions of heal wounds {unknown}
 r - a potion of degeneration {unknown}
 v - a potion of attraction {unknown}
 w - a potion of ambrosia {unknown}
 A - a potion of curing {unknown}


   Skills:
 - Level 3.3 Fighting
 - Level 3.2 Dodging
 - Level 4.4 Unarmed Combat
 * Level 8.2 Shapeshifting


You had 7 spell levels left.
You didn't know any spells.
Your spell library contained the following spells:

 Spells                   Type           Power      Damage    Failure   Level
 Magic Dart               Conj           0%         1d3       32%         1
 Sandblast                Erth           0%         2d4       32%         1
 Passwall                 Tmut/Erth      0%         N/A       45%         2
 Searing Ray              Conj           0%         2d4       45%         2
 Stone Arrow              Conj/Erth      0%         3d7       69%         3
 Brom's Barrelling Bould  Conj/Erth      0%         2d3       97%         4
 Fulminant Prism          Conj/Hex       0%         3d5       97%         4


Dungeon Overview and Level Annotations

Branches:
Dungeon (6/15)
 Temple: D:4-7

Altars:

Shops:
D:4 [


Innate Abilities, Weirdness & Mutations

You are a hulking beast.
Your limbs bulge with bestial killing power. (Slay +4)
You cannot wear most types of armour.
You are amphibious.
You can wear up to eight rings at the same time.
Your skin changes colour to match your surroundings (Stealth+).
Your rubbery body absorbs attacks. (AC +1, EV +1)
((You are camouflaged when in or above water. (Stealth+)))
You have tentacles for arms and can constrict up to eight enemies at once.


Message History

a - 5 potions of lignification {!q} (gained 1)
You see here an iguana corpse.
There is an open door here.
Things that are here:
a +0 hand axe; a +0 morningstar; a +0 leather armour You see here a +0 short sword.
Things that are here:
a +0 dagger; a +0 ring mail Done exploring.
Health restored: 52 Done exploring.
Done exploring.
There is a stone staircase leading down here.
You fly downwards.
Found a scale mail, a chain mail and 9 gold pieces.
Found a stone staircase leading down.
There is a stone staircase leading up here.
The helpless orc priest fails to defend itself.
You bludgeon the orc priest! You grab the orc priest.
You squeeze the orc priest.
You kill the orc priest!
You tentacle-slap the orc.
You kill the orc!
The orc wizard shouts!
The orc priest shouts!
The orc wizard gestures at you while chanting.
The puff of flame misses you.
You tentacle-slap the orc wizard. You grab the orc wizard.
You constrict the orc wizard.
The orc wizard hits you with a +0 dagger.
You take 1 damage, and have 51/52 hp.
You bludgeon the orc wizard!
You kill the orc wizard!
The orc priest hits you with a +0 flail!
You take 7 damage, and have 44/52 hp.
You tentacle-slap the orc priest. Your grab misses the orc priest.
The orc priest mumbles some strange prayers to Beogh against you.
You struggle to resist.
You tentacle-slap the orc priest. Your grab misses the orc priest.
The orc priest calls down the wrath of Beogh upon you.
Beogh smites you!
You take 12 damage, and have 32/52 hp.
MASSIVE DAMAGE!!
You bludgeon the orc priest!
You kill the orc priest!
No target in view!
No target in view!
You now have 323 gold pieces (gained 9).
There is a stone staircase leading down here.
An adder comes into view.
Health restored: 52 An ice beast and an orc come into view.
The adder hisses angrily.
The orc moves out of view.
Found a plate armour, 25 gold pieces and 5 stones.
Found a stone staircase leading up.
The adder closely misses you.
You tentacle-slap the adder. You grab the adder. You squeeze the adder!
You kill the adder!
Your Shapeshifting skill increases to level 8!
You closely miss the ice beast. You squeeze the ice beast.
The ice beast completely misses you.
You bludgeon the ice beast!
Your tentacle-slap misses the ice beast.
Your squeeze misses the ice beast. The ice beast barely misses you.
You closely miss the ice beast. The ice beast closely misses you.
You tentacle-slap the ice beast but do no damage.
You squeeze the ice beast! The ice beast hits you. The ice beast freezes you!
You take 13 damage, and have 39/52 hp.
MASSIVE DAMAGE!!
You tentacle-slap the ice beast. You tentacle-slap the ice beast.
The ice beast hits you. The ice beast freezes you!
You take 11 damage, and have 28/52 hp.
MASSIVE DAMAGE!!
The orc shouts!
You tentacle-slap the ice beast.
You squeeze the ice beast, but do no damage.
The ice beast barely misses you.
There are monsters nearby!
You tentacle-slap the ice beast but do no damage.
The ice beast completely misses you.
You tentacle-slap the ice beast.
You kill the ice beast!
A sleepcap comes into view.
An ice beast comes into view.
The orc closely misses you.
You bludgeon the orc!
You kill the orc!
Things that are here:
a +0 short sword; an orc corpse The ice beast attacks as it pursues you!
The ice beast barely misses you.
The ice beast attacks as it pursues you!
The ice beast hits you. The ice beast freezes you!
* * * LOW HITPOINT WARNING * * *
You take 19 damage, and have 11/52 hp.
MASSIVE DAMAGE!!
The ice beast attacks as it pursues you!
The ice beast misses you.
The ice beast attacks as it pursues you!
The ice beast barely misses you.
The ice beast attacks as it pursues you!
The ice beast hits you.
* * * LOW HITPOINT WARNING * * *
The ice beast freezes you!
You die...

..#.......... #......#....#. ..
.... ............#.#.# ....
#..........#...### .$......##
...#............#### ...........
#....#.............#
..........###.##...............#
..........#...Yh....#..#[......#
..............###>......<......#
...<($...##.f.###.........)....#
....$.[..#..###..........).....#
......!....#....#..........[...#
.......)...#.#####.............#
.............# #.....###.....#
.............# #.....# ######
............## #######


You could see an ice beast and a sleepcap.

Vanquished Creatures
  A water moccasin (D:5)
  An ice beast (D:6)
  A black bear (D:4)
  An ogre (D:5)
  A phantom (D:5)
  A scorpion (D:5)
  A howler monkey (D:5)
  A jelly (D:5)
  5 orc priests
  3 hounds
  6 iguanas
  4 orc wizards
  5 adders
  2 white imps (D:5)
  2 worms
  3 dart slugs
  21 orcs
  7 endoplasms
  6 giant cockroaches
  6 goblins
  5 hobgoblins
  10 jackals
  4 kobolds
  2 quokkas (D:1)
  8 ball pythons
  3 bats
  5 frilled lizards
  10 rats
125 creatures vanquished.

Notes
Turn   | Place    | Note
-------+----------+-------------------------------------------
     0 | D:1      | Whiskey the Octopode Shapeshifter began the quest for the
                  | Orb.
     0 | D:1      | Reached XP level 1. HP: 13/13 MP: 1/1
   106 | D:1      | Reached XP level 2. HP: 15/18 MP: 2/2
   395 | D:1      | Reached XP level 3. HP: 23/23 MP: 3/3
  1056 | D:2      | Reached skill level 2 in Fighting
  1056 | D:2      | Reached XP level 4. HP: 24/29 MP: 4/4
  1236 | D:2      | Noticed a glass eye
  1238 | D:2      | Found a faded altar of an unknown god.
  1240 | D:2      | Noticed an eye of devastation
  1257 | D:2      | Noticed a glass eye
  1280 | D:2      | Noticed a great orb of eyes
  2503 | D:4      | Reached skill level 3 in Dodging
  2503 | D:4      | Reached XP level 5. HP: 32/35 MP: 5/5
  2807 | D:4      | Noticed a black bear
  2813 | D:4      | Killed a black bear
  2814 | D:4      | Reached skill level 3 in Fighting
  2814 | D:4      | Reached skill level 4 in Unarmed Combat
  2814 | D:4      | Reached skill level 4 in Shapeshifting
  2814 | D:4      | Reached XP level 6. HP: 42/42 MP: 6/6
  2932 | D:4      | Found Alasaots's Antique Armour Boutique.
  3324 | D:5      | Entered Level 5 of the Dungeon
  3375 | D:5      | HP: 7/31 [iguana (10)]
  3377 | D:5      | HP: 2/31 [iguana (5)]
  3524 | D:5      | Noticed a water moccasin
  3672 | D:5      | Reached skill level 5 in Shapeshifting
  3672 | D:5      | Reached XP level 7. HP: 36/46 MP: 7/7
  3834 | D:5      | Reached skill level 6 in Shapeshifting
  4264 | D:5      | Reached XP level 8. HP: 43/52 MP: 8/8
  4353 | D:5      | Reached skill level 7 in Shapeshifting
  4886 | D:6      | Reached skill level 8 in Shapeshifting
  4905 | D:6      | HP: 11/52 [ice beast (14)]
  4910 | D:6      | HP: 9/52 [ice beast (4)]
  4910 | D:6      | Slain by an ice beast

Illustrated notes

Levels and vault maps discovered:
D:1:      evilmike_arrival_hilbert_curve, layout_basic, serial_rivers,
          chequers_serial_rivers_room_b, chequers_serial_rivers_marsh,
          chequers_serial_rivers_room_b, chequers_serial_rivers_small_b,
          chequers_serial_rivers_small_a, minmay_shallow_snake_nest
D:2:      layout_rooms, serial_rivers, chequers_serial_rivers_large_a,
          chequers_serial_rivers_room_a, chequers_serial_rivers_large_b,
          chequers_serial_rivers_room_a, chequers_serial_rivers_micro_c,
          chequers_serial_rivers_marsh, hellmonk_ecumenical_altar_watching_god,
          hangedman_decor_clover_reticule
D:3:      layout_basic
D:4:      layout_rooms, serial_shops, nicolae_shop_pleasant_corner_grove
D:5:      kennysheep_six_static_rooms, layout_loops_ring, dreamdust_wishing_well
D:6:      layout_rooms

Skill      XL: |  1  2  3  4  5  6  7  8 |
---------------+-------------------------+-----
Fighting       | 2 3 |  3.3
Dodging        | 3 |  3.2
Unarmed Combat | 4 |  4.4
Shapeshifting  | 4 5 6 8 |  8.2

Action                     |  1- 3 |  4- 6 |  7- 9 || total
---------------------------+-------+-------+-------++-------
  Melee: Unarmed           |    74 |   109 |    93 ||   276
         Constrict         |    25 |    33 |    14 ||    72
         Tentacles         |    13 |    14 |    25 ||    52
         Punch             |       |     1 |     2 ||     3
  Throw: Dart              |       |     7 |     4 ||    11
   Stab: Sleeping          |     8 |     5 |     3 ||    16
 Armour: Skin              |    27 |    46 |    30 ||   103
  Dodge: Dodged            |    38 |    45 |    45 ||   128
   Form: Blade             |       |     1 |       ||     1
         Beast             |       |     1 |       ||     1
         Flux              |       |     1 |       ||     1

Table legend: (Time is in decaauts)
 A = Elapsed time spent in this place.
 B = Non-inter-level travel time spent in this place.
 C = Inter-level travel time spent in this place.
 D = Time resting spent in this place.
 E = Time spent auto-exploring this place.
 F = Levels seen in this place.
 G = Mean time per level.
                   A        B        C        D        E       F      G
               +--------+--------+--------+--------+--------+-----+--------+
         Total |   4888 |   4729 |    159 |    367 |   3583 |   6 |  814.7 |
       Dungeon |   4888 |   4729 |    159 |    367 |   3583 |   6 |  814.7 |
               +--------+--------+--------+--------+--------+-----+--------+

Top non-repeatable levels by time:
     D:5: 1453 daAuts
     D:4: 899 daAuts
     D:3: 894 daAuts
     D:1: 891 daAuts
     D:2: 628 daAuts
     D:6: 121 daAuts

Levels and vault maps discovered:
D:1:      evilmike_arrival_hilbert_curve, layout_basic, serial_rivers,
          chequers_serial_rivers_room_b, chequers_serial_rivers_marsh,
          chequers_serial_rivers_room_b, chequers_serial_rivers_small_b,
          chequers_serial_rivers_small_a, minmay_shallow_snake_nest
D:2:      layout_rooms, serial_rivers, chequers_serial_rivers_large_a,
          chequers_serial_rivers_room_a, chequers_serial_rivers_large_b,
          chequers_serial_rivers_room_a, chequers_serial_rivers_micro_c,
          chequers_serial_rivers_marsh, hellmonk_ecumenical_altar_watching_god,
          hangedman_decor_clover_reticule
D:3:      layout_basic
D:4:      layout_rooms, serial_shops, nicolae_shop_pleasant_corner_grove
D:5:      kennysheep_six_static_rooms, layout_loops_ring, dreamdust_wishing_well
D:6:      layout_rooms

Table legend: (Time is in decaauts)
 A = Elapsed time spent in this place.
 B = Non-inter-level travel time spent in this place.
 C = Inter-level travel time spent in this place.
 D = Time resting spent in this place.
 E = Time spent auto-exploring this place.
 F = Levels seen in this place.
 G = Mean time per level.
                   A        B        C        D        E       F      G
               +--------+--------+--------+--------+--------+-----+--------+
         Total |   4888 |   4729 |    159 |    367 |   3583 |   6 |  814.7 |
       Dungeon |   4888 |   4729 |    159 |    367 |   3583 |   6 |  814.7 |
               +--------+--------+--------+--------+--------+-----+--------+

Top non-repeatable levels by time:
     D:5: 1453 daAuts
     D:4: 899 daAuts
     D:3: 894 daAuts
     D:1: 891 daAuts
     D:2: 628 daAuts
     D:6: 121 daAuts

Table legend:
 A = Kills in this place as a percentage of kills in the entire game.
 B = Kills by you in this place as a percentage of kills by you in the entire game.
 C = Kills by friends in this place as a percentage of kills by friends in the entire game.
 D = Other kills in this place as a percentage of other kills in the entire game.
 E = Experience gained in this place as a percentage of experience gained in the entire game.
 F = Experience gained in this place divided by the number of levels of this place that you have seen.
                   A       B       C       D       E      F
               +-------+-------+-------+-------+-------+----------------------
         Total | 100.0 | 100.0 |   N/A |   N/A | 100.0 | 295.5
       Dungeon | 100.0 | 100.0 |   N/A |   N/A | 100.0 | 295.5
               +-------+-------+-------+-------+-------+----------------------
